 Dungeon Crawl Stone Soup version 0.31.0-11-ge490571c62 (webtiles) character file.

Game seed: 18138963756996412635

7920 mooncake the Spear-Bearer (level 11, -8/99 HPs)
             Began as a Minotaur Berserker on Jan 30, 2024.
             Was a High Priest of Trog.
             Mangled by a boulder beetle (10 damage)
             ... on level 9 of the Dungeon.
             The game lasted 00:23:36 (10229 turns).

mooncake the Spear-Bearer (Minotaur Berserker)     Turns: 10229, Time: 00:23:36

Health: -8/99      AC: 22    Str: 27    XL:     11   Next: 3%
Magic:  10/10      EV: 11    Int:  4    God:    Trog [*****.]
Gold:   343        SH:  0    Dex:  9    Spells: 10/10 levels left

rFire   . . .        N - +8 pair of quick blades "Gyre" and "Gimble" {protect}
rCold   . . .        (shield currently unavailable)
rNeg    . . .        x - +0 chain mail
rPois   .            (helmet restricted)
rElec   .            (no cloak)
rCorr   .            (no gloves)
SInv    .            P - +2 pair of boots
Will    .....        (no amulet) Stlth
                     (no ring)
HPRegen 0.36/turn    (no ring)
MPRegen 0.12/turn

%: no passive effects
@: under a protective aura, on berserk cooldown, slowed, very slow
A: horns 2, retaliatory headbutt
a: Renounce Religion, Berserk, Trog's Hand, Brothers in Arms


You were on level 9 of the Dungeon.
You worshipped Trog.
Trog was extremely pleased with you.
You visited 1 branch of the dungeon, and saw 9 of its levels.
You also visited: Sewer and Ossuary.

You collected 343 gold pieces.

Inventory:

Hand Weapons
 a - a +0 spear
 d - a +0 dagger
 m - a +4 vampiric spear
 o - a +0 dagger
 D - a +7 trident of freezing
 J - a +1 shortbow of electrocution
 N - the +8 pair of quick blades "Gyre" and "Gimble" (weapon) {protect}
   (You found it on level 7 of the Dungeon)
Missiles
 k - 32 poisoned darts (quivered)
 C - a throwing net
Armour
 b - a +0 animal skin
 x - a +0 chain mail (worn)
 M - +0 swamp dragon scales
 P - a +2 pair of boots (worn)
Jewellery
 g - a ring of ice
 F - an amulet of the acrobat
 L - a ring of protection from cold
 O - a ring of resist corrosion
Wands
 r - a wand of flame (17)
 H - a wand of mindburst (15)
 K - a wand of paralysis (3)
 R - a wand of acid (6)
Scrolls
 c - 2 scrolls of noise {unknown}
 e - a scroll of brand weapon {unknown}
 f - 2 scrolls of immolation {unknown}
 h - 3 scrolls of enchant weapon {unknown}
 i - 5 scrolls of identify {unknown}
 p - 2 scrolls of enchant armour {unknown}
 t - 2 scrolls of vulnerability {unknown}
 u - 3 scrolls of poison {unknown}
 v - 4 scrolls of teleportation {unknown}
 y - a scroll of summoning {unknown}
 z - a scroll of blinking {unknown}
 A - 2 scrolls of fear {unknown}
 B - 2 scrolls of silence {unknown}
 E - 2 scrolls of revelation {unknown}
 I - 3 scrolls of fog {unknown}
Potions
 j - 2 potions of mutation {unknown}
 l - 3 potions of curing
 n - a potion of haste {unknown}
 q - a potion of heal wounds {unknown}
 s - 3 potions of attraction {unknown}
 w - a potion of lignification {unknown}
 G - 2 potions of ambrosia {unknown}
 Q - a potion of degeneration {unknown}


   Skills:
 + Level 9.6 Fighting
 + Level 3.4 Short Blades
 + Level 12.1 Polearms
 + Level 11.4 Armour
 + Level 6.7 Dodging
 + Level 2.3 Stealth


You had 10 spell levels left.
You didn't know any spells.
Your spell library was empty.

Dungeon Overview and Level Annotations

Branches:
Dungeon (9/15)             Temple (0/1) D:6           Sewer (visited)
Ossuary (visited)
   Lair: D:8-11         Orc: D:9-12

Altars:
Cheibriados
Kikubaaqudgha
Okawaru
Vehumet
Xom

Shops:
D:3 :

Annotations:
D:9 3 runed translucent doors, heinrich's ghost, novice TrMo


Innate Abilities, Weirdness & Mutations

You have a pair of horns on your head.
You reflexively headbutt those who attack you in melee.


Message History

The boulder beetle hits you!
* * * LOW HITPOINT WARNING * * *
The boulder beetle stops rolling and uncurls.
You hit the boulder beetle but do no damage.
Your weapon exudes an aura of protection.
You headbutt the boulder beetle, but do no damage.
You hit the boulder beetle but do no damage.
You headbutt the boulder beetle, but do no damage.
You hit the boulder beetle but do no damage.
You hit the boulder beetle.
The boulder beetle is lightly wounded.
The boulder beetle barely misses you.
You hit the boulder beetle but do no damage.
You headbutt the boulder beetle, but do no damage.
You hit the boulder beetle but do no damage. x2
You hit the boulder beetle.
You headbutt the boulder beetle, but do no damage.
The boulder beetle is lightly wounded.
The boulder beetle bites you but does no damage.
The boulder beetle bites you!
* * * LOW HITPOINT WARNING * * *
You hit the boulder beetle but do no damage. x2
You headbutt the boulder beetle, but do no damage.
You hit the boulder beetle.
You hit the boulder beetle but do no damage.
You headbutt the boulder beetle, but do no damage.
The boulder beetle is lightly wounded.
The boulder beetle bites you.
* * * LOW HITPOINT WARNING * * *
The boulder beetle bites you.
* * * LOW HITPOINT WARNING * * *
You completely miss the boulder beetle.
You hit the boulder beetle but do no damage.
You headbutt the boulder beetle!
You hit the boulder beetle but do no damage.
You headbutt the boulder beetle, but do no damage.
You hit the boulder beetle.
The boulder beetle is moderately wounded.
The boulder beetle bites you!
You die...

#####+#####
#......... # #....
..# +#? #.)# ..#
###...####..##..#
....⌠.°°○'..#..#
###...####B...##♣♣♣##
+#. ' #@...#W...P# #
#.##.+D..?.~
#....+..)..♣
#....+.....♣
#..#.#....♣
#..#.##:.P#
#...#######
#........# +..#..##.#


You could see a boulder beetle, a ten-headed hydra and heinrich's ghost.

Vanquished Creatures
  A centaur warrior (D:9)
  Pikel (D:7)
  A deep elf pyromancer (D:9)
  An ugly thing (D:9)
  A manticore (D:7)
  Maggie (D:7)
  Prince Ribbit (D:8)
  Sigmund (D:3)
  A steam dragon (D:7)
  Grum (D:8)
  The ghost of NitroKuite the Digger, an amateur GrEE (D:3)
  3 sky beasts
  A water moccasin (D:7)
  2 orc warriors (D:8)
  2 ice beasts (D:6)
  A black bear (D:5)
  A crocodile (Sewer)
  3 wolves (D:8)
  2 ogres (D:6)
  3 centaurs
  2 lemures (D:7)
  A brain worm (Sewer)
  2 phantoms
  Blork the orc (D:5)
  4 kobold brigands
  An elf zombie (Ossuary)
  2 bullfrogs
  2 gnoll sergeants
  2 scorpions
  5 wights (D:6)
  A wyvern skeleton (D:6)
  2 burial acolytes (D:6)
  8 killer bees
  A howler monkey (D:7)
  3 bombardier beetles
  3 hounds
  A bullfrog zombie (D:6)
  A centaur skeleton (D:6)
  2 centaur zombies (Ossuary)
  3 sleepcaps
  2 jellies (D:4)
  7 human zombies
  3 orc priests
  An iguana (D:6)
  4 orc wizards
  A killer bee zombie (D:6)
  3 hound zombies (Ossuary)
  2 mummies (Ossuary)
  8 gnolls
  4 river rats (Sewer)
  11 adders
  A shadow imp (D:5)
  3 white imps (D:6)
  3 adder zombies (Ossuary)
  4 dart slugs
  5 ribbon worms
  21 orcs
  11 ball pythons
  4 endoplasms
  4 giant cockroaches
  9 goblins
  6 hobgoblins
  7 jackals
  3 quokkas
  8 bats
  6 frilled lizards
  7 gnoll zombies (Ossuary)
  3 jackal zombies (Ossuary)
  23 kobolds
  6 kobold zombies (Ossuary)
  6 orc zombies (Ossuary)
  7 rats
269 creatures vanquished.

Notes
Turn   | Place    | Note
-------+----------+-------------------------------------------
     0 | D:1      | mooncake the Minotaur Berserker began the quest for the
                  | Orb.
     0 | D:1      | Reached XP level 1. HP: 19/19 MP: 0/0
   157 | D:1      | Found a faded altar of an unknown god.
   169 | D:1      | Reached XP level 2. HP: 14/27 MP: 1/1
   170 | D:1      | Reached skill level 4 in Polearms
   612 | D:1      | Reached ** piety under Trog
   852 | D:2      | Reached XP level 3. HP: 27/33 MP: 2/2
  1559 | D:3      | Found Huekk's Book Shoppe.
  1636 | D:3      | Reached XP level 4. HP: 27/41 MP: 3/3
  1864 | D:3      | Reached skill level 5 in Polearms
  1895 | D:3      | Noticed Sigmund
  1905 | D:3      | Killed Sigmund
  1906 | D:3      | Reached skill level 5 in Fighting
  1906 | D:3      | Reached XP level 5. HP: 40/48 MP: 4/4
  1906 | D:3      | Reached XP level 6. HP: 47/56 MP: 5/5
  2004 | D:3      | Found a runed translucent door.
  2020 | D:3      | Noticed NitroKuite's ghost (amateur GrEE)
  2029 | D:3      | Reached *** piety under Trog
  2034 | D:3      | Reached skill level 6 in Polearms
  2034 | D:3      | Reached skill level 1 in Stealth
  2043 | D:3      | Killed NitroKuite's ghost
  2776 | D:4      | Noticed a sky beast
  2782 | D:4      | Reached XP level 7. HP: 36/62 MP: 6/6
  2952 | D:4      | Found a snail-covered altar of Cheibriados.
  2962 | D:4      | Reached skill level 7 in Polearms
  3202 | D:4      | Reached skill level 5 in Dodging
  4117 | D:5      | Entered Level 5 of the Dungeon
  4133 | D:5      | Found a glowing drain.
  4439 | Sewer    | Entered a sewer
  4651 | Sewer    | Reached XP level 8. HP: 71/71 MP: 7/7
  4731 | Sewer    | Reached **** piety under Trog
  4818 | Sewer    | Reached skill level 8 in Polearms
  5691 | D:5      | Found a radiant altar of Vehumet.
  5788 | D:5      | Noticed Blork the orc
  5798 | D:5      | Killed Blork the orc
  6111 | D:6      | Reached skill level 5 in Armour
  6146 | D:6      | Found a staircase to the Ecumenical Temple.
  6152 | D:6      | HP: 5/109 [gnoll sergeant/+7 trident of freezing (7)]
  6154 | D:6      | HP: 2/109 [gnoll sergeant/+7 trident of freezing (2)]
  6453 | D:6      | Found a sand-covered staircase.
  6459 | Ossuary  | Entered an ossuary
  6637 | Ossuary  | Reached skill level 9 in Polearms
  6668 | Ossuary  | Reached XP level 9. HP: 49/80 MP: 8/8
  6883 | D:6      | Found an iron altar of Okawaru.
  7166 | D:6      | Found an ancient bone altar of Kikubaaqudgha.
  7628 | D:6      | Reached skill level 10 in Polearms
  8045 | D:7      | Noticed Pikel
  8058 | D:7      | Killed Pikel
  8059 | D:7      | Reached skill level 11 in Polearms
  8059 | D:7      | Reached XP level 10. HP: 90/90 MP: 9/9
  8060 | D:7      | Reached ***** piety under Trog
  8266 | D:7      | Noticed a manticore
  8288 | D:7      | Killed a manticore
  8298 | D:7      | Noticed Maggie
  8465 | D:7      | Killed Maggie
  8483 | D:7      | Reached skill level 10 in Armour
  8669 | D:7      | Found the +8 pair of quick blades "Gyre" and "Gimble"
                  | {protect}
  9091 | D:8      | Noticed Prince Ribbit
  9107 | D:8      | Killed Prince Ribbit
  9153 | D:8      | Noticed Grum
  9162 | D:8      | Killed Grum
  9426 | D:8      | Reached skill level 12 in Polearms
  9599 | D:8      | Found a shimmering altar of Xom.
  9732 | D:8      | Reached skill level 1 in Short Blades
 10178 | D:9      | Found a runed translucent gate.
 10178 | D:9      | Found a runed translucent gate.
 10178 | D:9      | Found a runed translucent gate.
 10178 | D:9      | Noticed a ten-headed hydra
 10178 | D:9      | Noticed heinrich's ghost (novice TrMo)
 10187 | D:9      | Noticed a brown ugly thing
 10187 | D:9      | Noticed a deep elf pyromancer
 10187 | D:9      | Noticed a centaur warrior
 10191 | D:9      | Noticed a boulder beetle
 10201 | D:9      | Killed a centaur warrior
 10210 | D:9      | Killed a brown ugly thing
 10215 | D:9      | Killed a deep elf pyromancer
 10216 | D:9      | Reached XP level 11. HP: 26/99 MP: 10/10
 10228 | D:9      | HP: 1/99 [boulder beetle (6)]
 10229 | D:9      | Mangled by a boulder beetle

Illustrated notes

Levels and vault maps discovered:
D:1:      psy_arrival_whirlpool, layout_basic,
          ebering_ecumenical_altar_sacrificial
D:2:      layout_loops_ring
D:3:      kennysheep_big_flooded_room, layout_basic, serial_shops,
          nicolae_shop_tiny_waterfront, ebering_ghost_sewer_d, uniq_sigmund
D:4:      layout_gridville, chei_slow_surprise
D:5:      layout_basic, fiery_altar_vehumet, serial_corexii_hall,
          chequers_hall_statues_corner_a, corexii_hall_statues_s,
          cheibrodos_sewer_entry_sluice, uniq_blork_the_orc
D:6:      minmay_chambers_of_threes, layout_loops_ring,
          lemuel_mausoleum_altar_kikubaaqudgha, mainiacjoe_overflow_brackets,
          minmay_temple_entry_hall, enter_ossuary_5
D:7:      layout_cave_pools, uniq_maggie, uniq_pikel
D:8:      layout_loops_cross, xom_teletrap_fun, nrook_campfire, minivault_21,
          amethyst_killhole, minmay_misc_feat_tiny, uniq_prince_ribbit1,
          uniq_grum
D:9:      minmay_the_grid_net [minmay_the_grid_paths, minmay_the_grid_odd_star,
          minmay_the_grid_aliased_spiral, minmay_the_grid_spikes,
          minmay_the_grid_minigrid_medium, minmay_the_grid_prize_four_corners],
          layout_cave_pools, grunt_gozag_statues,
          gammafunk_temple_overflow_claw, kennysheep_little_box,
          gammafunk_ghost_hydra_chop, minivault_16

Skill      XL: |  1  2  3  4  5  6  7  8  9 10 |
---------------+-------------------------------+-----
Fighting       | 4 5 6 7 8 9 |  9.6
Polearms       | 4 5 6 7 9 11 12 | 12.1
Dodging        | 4 5 6 |  6.7
Stealth        | 1 2 |  2.3
Armour         | 6 9 11 | 11.4
Short Blades   | 3 |  3.4

Action                     |  1- 3 |  4- 6 |  7- 9 | 10-12 || total
---------------------------+-------+-------+-------+-------++-------
  Melee: Spear             |    97 |    73 |   513 |    88 ||   771
         Headbutt          |    16 |     6 |    99 |    53 ||   174
         Punch             |     1 |     1 |     6 |       ||     8
         Pair of quick bla |       |       |       |   144 ||   144
  Throw: Dart              |       |       |     1 |       ||     1
 Invoke: Berserk           |     1 |     1 |     7 |     1 ||    10
         Trog's Hand       |       |       |     1 |       ||     1
  Evoke: Wand              |       |       |     1 |       ||     1
    Use: Potion            |       |       |       |     2 ||     2
 Armour: Animal skin       |    76 |    39 |    40 |       ||   155
         Chain mail        |       |       |   293 |   170 ||   463
  Dodge: Dodged            |   115 |    55 |   250 |    89 ||   509
